 Dungeon Crawl Stone Soup version 0.19.0-20-gbc5f0c6 (console) character file.

705585 Morrissey the Slayer (level 27, -28/276 HPs)
             Began as a Minotaur Hunter on Nov 17, 2016.
             Was the Champion of the Shining One.
             Annihilated by an Orb Guardian (38 damage)
             ... on level 5 of the Realm of Zot on Nov 18, 2016.
             The game lasted 04:06:47 (76998 turns).

Morrissey the Slayer (Minotaur Hunter)             Turns: 76998, Time: 04:06:47

Health: -28/276    AC: 40    Str: 19    XL:     27
Magic:  0/38       EV: 14    Int:  8    God:    the Shining One [******]
Gold:   8415       SH: 17    Dex: 22    Spells: 0 memorised, 32 levels left

rFire  + + .     SeeInvis .     b - +9 trishula (holy)
rCold  + . .     Gourm    .     X - +3 gold dragon scales
rNeg   + + +     Faith    .     O - +2 shield
rPois  +         Spirit   .     g - +2 hat
rElec  .         Reflect  .     u - +2 cloak {+Inv}
rCorr  .         Harm     .     B - +2 pair of gloves
MR     ++...                    E - +2 pair of boots {run}
Stlth  ..........               J - amulet of regeneration
                                V - ring of fire
                                L - ring of protection from cold

@: about to teleport, corroded, very slightly contaminated, hasted, glowing,
very quick
A: retaliatory headbutt, horns 2, rugged brown scales 1, evolution 1, subdued
magic 1
a: Divine Shield, Cleansing Flame, Summon Divine Warrior, Renounce Religion,
Evoke Invisibility
}: 4/15 runes: serpentine, barnacled, silver, golden


You were on level 5 of the Realm of Zot.
You worshipped the Shining One.
The Shining One was exalted by your worship.
You were hungry.

You visited 12 branches of the dungeon, and saw 54 of its levels.
You visited 1 bazaar.

You collected 9607 gold pieces.
You spent 1192 gold pieces at shops.

Inventory:

Hand Weapons
 a - a +3 eveningstar of crushing
 b - a +9 trishula of holy wrath (weapon)
 W - a +3 broad axe of chopping
Armour
 g - a +2 hat (worn)
 u - a +2 cloak of invisibility (worn)
 B - a +2 pair of gloves (worn)
 E - a +2 pair of boots of running (worn)
 O - a +2 shield (worn)
 X - +3 gold dragon scales (worn)
Jewellery
 o - the ring "Nomyrira" {rPois rC++ MP+9 Int+5 Slay-4}
   (You found it on level 3 of the Tomb of the Ancients)

   [ring of intelligence]

   It affects your intelligence (+5).
   It affects your accuracy and damage with ranged weapons and melee attacks
   (-4).
   It greatly protects you from cold.
   It protects you from poison.
   It affects your magic capacity (+9).
 y - an uncursed ring of resist corrosion
 J - an amulet of regeneration (around neck)
 L - a ring of protection from cold (left hand)
 V - a ring of fire (right hand)
Wands
 e - a wand of disintegration (13/24)
 j - a wand of iceblast (8/15)
 m - a wand of teleportation (5/9)
 p - a wand of acid (9/15)
 D - a wand of confusion (15/48)
 K - a wand of heal wounds (0/9)
 M - a wand of flame (20/48)
Scrolls
 d - 7 scrolls of identify
 h - 16 scrolls of remove curse
 t - 2 scrolls of recharging
 v - 2 scrolls of holy word
 z - 9 scrolls of teleportation
 A - 2 scrolls of amnesia
 F - 5 scrolls of fog
 G - 4 scrolls of blinking
 N - 10 scrolls of fear
 Q - 2 scrolls of brand weapon
 R - a scroll of summoning
Potions
 i - 2 potions of might
 l - 6 potions of cure mutation
 n - 2 potions of berserk rage
 q - 2 potions of haste
 r - 2 potions of magic
 s - 7 potions of curing
 C - 2 potions of resistance
 H - 8 potions of mutation
 P - 7 potions of cancellation
 T - 7 potions of agility
 U - a potion of ambrosia
Miscellaneous
 c - a disc of storms
 S - a disc of storms
Comestibles
 f - 21 bread rations
 k - 2 chunks of flesh
 I - 28 fruits


   Skills:
 + Level 25.8 Fighting
 - Level 17.3(20.1) Axes
 - Level 12.2(16.1) Maces & Flails
 - Level 14.3(17.6) Polearms
   Level 10.0 Crossbows
 + Level 25.6 Armour
 - Level 15.0 Dodging
 - Level 0.7 Stealth
 - Level 15.1 Shields
 - Level 3.0 Spellcasting
 - Level 24.5 Invocations
 - Level 13.4 Evocations


You had 32 spell levels left.
You didn't know any spells.

Dungeon Overview and Level Annotations

Branches:
Dungeon (15/15)            Temple (1/1) D:4            Lair (6/6) D:8
 Shoals (4/4) Lair:3        Snake (4/4) Lair:4        Slime (0/5) Lair:5
    Orc (2/2) D:10            Elf (1/3) Orc:2        Vaults (5/5) D:14
  Crypt (3/3) Vaults:2       Tomb (3/3) Crypt:3      Depths (5/5) D:15
    Zot (5/5) Depths:5

Altars:
Ashenzari
Cheibriados
Dithmenos
Elyvilon
Fedhas
Gozag
Hepliaklqana
Kikubaaqudgha
Makhleb
Nemelex Xobeh
Okawaru
Qazlal
Ru
Sif Muna
Trog
Uskayaw
Vehumet
Xom
Yredelemnul
Zin
The Shining One
Jiyva

Shops:
Orc:1 }   Orc:2 [!:%   Snake:1 (*   Vaults:1 *   Vaults:4 (

Portals:
Hell: Depths:1 Depths:2 Depths:3 Depths:4 Depths:5
Abyss: Depths:4 Depths:5
Pandemonium: Orc:2 Depths:3
Ziggurat: Depths:5
Trove: Depths:2 (give horn of Geryon)

Annotations:
D:7 exclusion: 2 downstairs
D:8 exclusion: downstairs
D:9 exclusion: downstairs
D:10 exclusion: 2 downstairs
Lair:5 1 runed door
Shoals:4 exclusion: Roxanne, Roxanne
Snake:3 exclusion: 2 downstairs
Vaults:4 exclusion: 2 downstairs
Depths:1 1 runed door
Depths:3 exclusion: downstairs


Innate Abilities, Weirdness & Mutations

You reflexively headbutt those who attack you in melee.
You have a pair of horns on your head.
You are partially covered in rugged brown scales. (AC +1, +3% HP)
You evolve.
Your spells are a little easier to cast, but a little less powerful.


Message History

Okay, then.
Evoke which item? (* to show all) (? for menu, Esc to quit)
Okay, then.
Okay, then.
The ancient lich points at you and mumbles some strange words.
You block the crystal spear.
The electric golem blinks!
You block the Orb Guardian's attack.
The Orb Guardian hits you but does no damage.
You see here 34 gold pieces.
The ghost moth stares at you.
You feel your power leaking away.
* * * LOW MAGIC WARNING * * *
You hear a distant "Zot"!
The electric golem hurls lightning at you.
The bolt of lightning hits the tentacled monstrosity.
The tentacled monstrosity resists.
The bolt of lightning misses you. The bolt of lightning hits you!
The Shining One protects you from harm! The Orb Guardian hits you!!!
You die...

*,,* *,,*
*,,******,,*
*,,,,,,,,,,*
*,,,,,,,,,,*
*,,******,,*
################
#.............$##
...........yp..X##
............y.LX@#*
..................#
.........L^...X...#
..................#
....4.............#
.ยง5.2......8......#
..4(.......^......#
5................##
4..........8.,,,**


You could see a Killer Klown, an electric golem, a tentacled monstrosity, 2
ancient liches, 2 Orb Guardians, a ghost moth (invisible) and a moth of wrath.

Vanquished Creatures
  5 ancient liches
  2 orbs of fire (Zot:5)
  Mara (Snake:4)
  35 greater mummies
  Boris (twice) (Depths:4 Tomb:3)
  Margery (Crypt:3)
  A caustic shrike (Depths:5)
  Vashnia (Snake:3)
  Saint Roka (Crypt:1)
  2 curse toes
  6 golden dragons
  A bone dragon (Depths:5)
  Jory (Tomb:1)
  the Enchantress (Depths:4)
  2 electric golems
  Jorgrun (Snake:4)
  19 tentacled monstrosities
  3 liches
  8 Orb Guardians (Zot:5)
  Asterion (Snake:4)
  3 titans (Vaults:5)
  4 quicksilver dragons
  A shard shrike skeleton (Crypt:2)
  A kraken (Shoals:4)
  Frances (Shoals:1)
  9 ancient champions
  4 death cobs
  9 sphinxes
  Gastronok (Lair:3)
  11 tengu reavers
  Kirke (Shoals:4)
  11 storm dragons
  Ilsuiw (Shoals:4)
  11 shadow dragons
  10 nagarajas
  12 fire giants
  3 revenants
  Louise (Shoals:2)
  A draconian monk (Zot:1)
  2 orc warlords
  A draconian knight (Zot:2)
  2 iron dragons
  6 frost giants
  Aizul (Snake:2)
  7 draconian scorchers
  A deep elf elementalist (Vaults:5)
  2 curse skulls
  19 vault wardens
  7 draconian zealots
  5 ghouls
  3 draconian annihilators
  A reaper (Crypt:2)
  22 stone giants
  A draconian shifter (Zot:3)
  19 very ugly things
  A draconian caller (Zot:3)
  20 ironheart preservers
  4 war gargoyles
  7 caustic shrike skeletons
  3 spriggan defenders (Depths:4)
  11 vampire knights
  10 black draconians
  5 green draconians
  10 bennus
  2 deep elf demonologists (Vaults:5)
  Azrael (D:12)
  4 mottled draconians
  2 entropy weavers
  4 purple draconians
  4 yellow draconians
  8 spark wasps
  3 red draconians
  4 white draconians
  A deep elf annihilator (Vaults:5)
  2 eidola (Crypt:2)
  4 deep elf death magi
  6 merfolk javelineers
  Josephine (D:10)
  17 ettins
  14 merfolk impalers
  12 jiangshi
  13 ogre magi
  26 yaktaur captains
  A quicksilver dragon zombie (Crypt:2)
  26 mummy priests
  9 great orbs of eyes
  Fannar (Orc:1)
  8 fire dragons
  5 rakshasas
  25 vault guards
  2 deep elf high priests (Vaults:5)
  2 ice dragons (shapeshifter)
  2 quicksilver dragon skeletons
  10 hydras
  6 spriggan air magi
  10 naga warriors
  15 ice dragons
  A catoblepas (Lair:6)
  The ghost of Kloppie the Cleaver, a novice DsBe of Trog (D:10)
  A merfolk avatar (Shoals:3)
  9 anacondas
  An alligator snapping turtle (Shoals:2)
  3 dancing weapons (Vaults:5)
  9 centaur warriors
  2 satyrs
  6 merfolk aquamancers
  4 death knights
  34 death scarabs
  10 deep troll shamans
  4 tengu warriors
  5 alligators (Depths:2)
  16 deep troll earth magi
  16 naga sharpshooters
  The ghost of coldbreeze the Transmogrifier, a novice DrTm of Okawaru (D:9)
  6 orc high priests (Orc:2)
  6 shock serpents
  5 death yaks (Lair:6)
  2 titan zombies
  6 spriggan berserkers
  3 spectral storm dragons (Crypt:3)
  2 soul eaters
  3 deep elf knights
  7 vampire magi
  4 shadow wraiths
  3 salamander mystics (Snake:4)
  3 titan skeletons (Crypt:3)
  13 hell knights
  8 iron trolls
  A storm dragon skeleton (Tomb:2)
  A sixfirhy (Orc:2)
  29 skeletal warriors
  21 sea snakes
  43 deep trolls
  A golden dragon zombie (Depths:3)
  A torturous demonspawn (Orc:2)
  9 flayed ghosts
  A glowing orange brain (shapeshifter) (Vaults:5)
  3 glowing orange brains
  An obsidian statue (Tomb:1)
  8 naga ritualists
  A swamp dragon (Depths:2)
  3 unseen horrors
  2 infernal demonspawn (Orc:2)
  5 wizards
  A lindwurm (Lair:6)
  8 deep elf archers
  23 phantasmal warriors
  22 ironbrand convokers
  8 mana vipers
  5 hill giants
  A golden dragon skeleton (Tomb:1)
  14 harpies
  11 necromancers
  2 fire giant zombies (Depths:1)
  6 cyclopes
  A spectral ice dragon (Crypt:3)
  3 frost giant zombies
  A shadow dragon skeleton (Tomb:2)
  2 spectral fire dragons (Crypt:3)
  9 orc sorcerers
  22 deep elf magi
  9 fauns
  48 ugly things
  3 wolf spiders
  21 orc knights
  13 salamanders
  10 sirens
  14 vault sentinels
  A stone giant zombie (Depths:1)
  3 centaur zombies
  14 manticores
  6 moths of wrath
  A manticore (shapeshifter) (Vaults:5)
  A salamander (shapeshifter) (D:15)
  3 large abominations (Depths:5)
  36 black mambas
  A frost giant skeleton (Depths:2)
  2 fire giant skeletons (Crypt:3)
  8 guardian serpents
  4 elephants (Lair:6)
  2 stone giant skeletons
  18 naga magi
  6 water nymphs
  3 smoke demons
  2 gargoyles
  6 komodo dragons
  7 spiny frogs
  Psyche (D:11)
  An orange demon (Orc:2)
  3 rime drakes
  A shock serpent skeleton (Crypt:3)
  16 freezing wraiths
  2 spiny frogs (shapeshifter)
  A hellion (Depths:3)
  55 yaktaurs
  An anaconda simulacrum (Tomb:3)
  2 yaktaurs (shapeshifter)
  46 guardian mummies
  2 hellwings
  An iron troll zombie (Crypt:1)
  9 trolls
  An ice devil (Depths:3)
  A spriggan skeleton (Depths:2)
  A red devil (Orc:2)
  A catoblepas skeleton (Crypt:3)
  A jumping spider (Depths:5)
  A tengu conjurer (Depths:2)
  32 merfolk
  6 wind drakes
  A polar bear (Lair:6)
  3 hornets
  A queen bee (shapeshifter) (Depths:3)
  A sphinx simulacrum (Depths:1)
  25 two-headed ogres
  4 blink frogs (Lair:1)
  A raiju (shapeshifter) (Vaults:4)
  A bog body (Crypt:1)
  10 snapping turtles
  26 dream sheep
  An ettin zombie (Tomb:2)
  23 slime creatures
  A fire dragon zombie (Depths:1)
  A human simulacrum (Vaults:4)
  A stone giant simulacrum (Tomb:3)
  10 air elementals
  12 hippogriffs
  15 water elementals
  33 flying skulls
  4 fire dragon skeletons
  15 wraiths
  6 redbacks
  A yak (shapeshifter) (Vaults:3)
  2 spriggans (Depths:4)
  A redback (shapeshifter) (Vaults:1)
  A spriggan (shapeshifter) (Vaults:3)
  39 yaks
  4 shadows
  2 ettin skeletons (Crypt:3)
  A vampire (D:15)
  2 fire elementals (D:12)
  A human (shapeshifter) (Depths:1)
  21 ushabtiu
  A wyvern (D:12)
  6 basilisks
  6 chaos spawn (Depths:5)
  A human (D:13)
  A hungry ghost (D:13)
  5 hogs
  A steam dragon (D:11)
  4 vampire mosquitoes
  A spriggan simulacrum (Depths:3)
  3 mottled dragons
  51 nagas
  7 wargs
  A swamp worm (shapeshifter) (Depths:3)
  8 porcupines
  A black bear (shapeshifter) (Vaults:3)
  3 swamp worms (Depths:2)
  9 water moccasins
  4 hell hounds (D:12)
  3 swamp drakes (Depths:2)
  60 orc warriors
  A snapping turtle zombie (Tomb:3)
  4 black bears
  A hornet zombie (D:15)
  An ice beast (D:13)
  A deep troll simulacrum (Depths:1)
  2 necrophages
  An ogre (shapeshifter) (D:15)
  A phantom (D:12)
  20 boggarts
  2 eyes of draining (shapeshifter)
  A crocodile (shapeshifter) (Vaults:1)
  33 wolves
  A dream sheep skeleton (Crypt:1)
  46 ogres
  4 snapping turtle skeletons
  A swamp dragon skeleton (Crypt:3)
  13 crocodiles
  2 blink frog skeletons (Crypt:1)
  19 centaurs
  A lindwurm skeleton (Crypt:3)
  A big kobold (shapeshifter) (D:15)
  15 bullfrogs
  A yaktaur skeleton (Crypt:1)
  2 elf simulacra
  A gnoll sergeant (D:10)
  An elf skeleton (Crypt:2)
  A tengu simulacrum (Depths:1)
  2 water moccasin zombies
  4 scorpions
  A wyvern skeleton (Crypt:3)
  A polar bear skeleton (Crypt:1)
  A warg skeleton (Crypt:3)
  5 electric eels
  24 wights
  A yak skeleton (Crypt:2)
  2 howler monkeys
  A wolf zombie (Crypt:2)
  7 crimson imps
  2 bullfrog zombies
  4 quasits
  A jelly (shapeshifter) (Depths:4)
  4 small abominations (Depths:5)
  A hound (shapeshifter) (Vaults:5)
  10 hounds
  A jelly (D:9)
  3 bullfrog skeletons
  36 orc priests
  17 orc wizards
  5 centaur skeletons
  A soldier ant zombie (Crypt:3)
  A human skeleton (Crypt:3)
  2 iguanas
  7 hell rats (Lair:5)
  10 worker ants
  A porcupine skeleton (Crypt:2)
  A felid zombie (Crypt:1)
  A big kobold zombie (Crypt:2)
  An ogre skeleton (Crypt:1)
  A hound skeleton (D:9)
  43 mummies
  A howler monkey zombie (D:3)
  A worker ant zombie (D:5)
  4 gnolls (D:10)
  3 river rats (D:8)
  A steam dragon zombie (Crypt:3)
  14 adders
  A river rat (shapeshifter) (Vaults:5)
  4 shadow imps
  5 oozes
  An adder zombie (D:7)
  2 halfling zombies
  3 adder skeletons
  A worm (D:3)
  6 dart slugs
  4 leopard geckos
  120 orcs
  4 giant cockroaches
  6 goblins
  11 hobgoblins
  15 jackals
  3 quokkas
  2 ball pythons
  12 bats
  10 frilled lizards
  A giant cockroach zombie (D:6)
  5 kobolds
  A leopard gecko skeleton (D:4)
  A leopard gecko zombie (D:6)
  2 quokka zombies
  5 rats
  A rat skeleton (Crypt:2)
  4 crawling corpses
  4 plants
  3 tentacles (Shoals:4)
2585 creatures vanquished.

Vanquished Creatures (collateral kills)
  An ironheart preserver (Vaults:2)
  2 stone giants
  A deep elf death mage (Vaults:5)
  A vault guard (Vaults:5)
  A yaktaur captain (Vaults:2)
  An ogre mage (Vaults:2)
  A deep elf knight (Vaults:2)
  A wizard (Vaults:2)
  An orc knight (Vaults:2)
  A harpy (Vaults:2)
  A deep elf mage (Vaults:2)
  2 ironbrand convokers (Vaults:2)
  A cyclops (Vaults:2)
  2 yaktaurs (Vaults:2)
  2 ogres (Vaults:2)
19 creatures vanquished.

Vanquished Creatures (others)
  Sojobo (Tomb:2)
  Nikola (Snake:3)
  A storm dragon (Zot:4)
  A revenant (Tomb:2)
  A fire giant (Vaults:5)
  2 bennus (Tomb:2)
  19 death scarabs
  A skeletal warrior (Tomb:2)
  A two-headed ogre (Depths:1)
  A stone giant simulacrum (Tomb:2)
  16 flying skulls (Tomb:2)
  An ushabti (Tomb:3)
  A human (Shoals:4)
  An ogre (Depths:2)
  9 mummies
  An orc (Crypt:1)
  2 fungi
  9 plants
  4 tentacles (Shoals:4)
73 creatures vanquished.

Grand Total: 2677 creatures vanquished

Notes
Turn   | Place    | Note
-------+----------+-------------------------------------------
     0 | D:1      | Morrissey the Minotaur Hunter began the quest for the Orb.
     0 | D:1      | Reached XP level 1. HP: 18/18 MP: 0/0
   308 | D:1      | Reached skill level 1 in Armour
   366 | D:1      | Reached XP level 2. HP: 25/25 MP: 1/1
   610 | D:1      | Reached XP level 3. HP: 31/31 MP: 2/2
  1614 | D:2      | Reached XP level 4. HP: 35/40 MP: 3/3
  1928 | D:3      | Reached skill level 5 in Crossbows
  2275 | D:3      | Reached XP level 5. HP: 45/47 MP: 4/4
  2792 | D:4      | Found a staircase to the Ecumenical Temple.
  2799 | Temple   | Entered the Ecumenical Temple
  2992 | Temple   | Became a worshipper of the Shining One
  3124 | D:4      | Reached skill level 1 in Axes
  3235 | D:4      | Reached XP level 6. HP: 46/53 MP: 5/5
  3927 | D:4      | Found a shimmering altar of Xom.
  4022 | D:4      | Reached * piety under the Shining One
  4027 | D:4      | Reached skill level 5 in Fighting
  4027 | D:4      | Reached XP level 7. HP: 52/61 MP: 6/6
  4032 | D:5      | Entered Level 5 of the Dungeon
  4464 | D:5      | Reached skill level 5 in Axes
  5054 | D:7      | Reached XP level 8. HP: 69/69 MP: 7/7
  5086 | D:7      | Reached ** piety under the Shining One
  5341 | D:7      | Found a blossoming altar of Fedhas.
  5537 | D:6      | Reached skill level 5 in Dodging
  5699 | D:6      | Reached skill level 5 in Armour
  5975 | D:7      | Reached XP level 9. HP: 18/78 MP: 8/8
  6525 | D:8      | Found a staircase to the Lair.
  6771 | D:8      | Found a basalt altar of Yredelemnul.
  7217 | D:8      | Noticed a spiny frog
  7220 | D:8      | Killed a spiny frog
  7442 | D:8      | Reached skill level 10 in Axes
  7450 | D:8      | Reached XP level 10. HP: 47/88 MP: 9/9
  7687 | D:8      | Reached *** piety under the Shining One
  7944 | D:9      | Found Godinn's Book Shop.
  8099 | D:9      | Noticed coldbreeze's ghost (novice DrTm)
  8137 | D:9      | Killed coldbreeze's ghost
  8784 | D:10     | Entered Level 10 of the Dungeon
  8880 | D:10     | Noticed a hill giant
  8891 | D:10     | Killed a hill giant
  9058 | D:10     | Found a staircase to the Orcish Mines.
  9174 | D:10     | Noticed Kloppie's ghost (novice DsBe)
  9206 | D:10     | Killed Kloppie's ghost
  9206 | D:10     | Reached XP level 11. HP: 50/97 MP: 10/10
  9571 | D:10     | Noticed Josephine
 10110 | D:10     | Killed Josephine
 10440 | D:10     | Noticed a hill giant
 10452 | D:10     | Killed a hill giant
 10797 | D:11     | Noticed a hill giant
 10806 | D:11     | Killed a hill giant
 10812 | D:11     | Reached **** piety under the Shining One
 10858 | D:11     | Noticed Psyche
 10867 | D:11     | Killed Psyche
 10867 | D:11     | Reached skill level 10 in Fighting
 10867 | D:11     | Reached skill level 10 in Crossbows
 11016 | D:11     | Reached skill level 1 in Invocations
 11041 | D:11     | Noticed a five-headed hydra
 11123 | Orc:1    | Entered Level 1 of the Orcish Mines
 11123 | Orc:1    | Found Xesog's Gadget Emporium.
 11123 | Orc:1    | Noticed an orc knight
 11566 | D:10     | Killed an orc knight
 11725 | Orc:2    | Entered Level 2 of the Orcish Mines
 11782 | Orc:1    | Noticed Fannar
 11783 | Orc:1    | Noticed an orc knight
 11853 | Lair:1   | Entered Level 1 of the Lair of Beasts
 11997 | Lair:1   | Reached skill level 10 in Armour
 13023 | Lair:2   | Reached XP level 12. HP: 105/107 MP: 13/13
 13469 | Lair:2   | Reached skill level 1 in Shields
 13520 | Lair:2   | Got an ivory flail
 13521 | Lair:2   | Identified the cursed +1 flail "Toynkusu" {pain, rPois} (You found it on level 2 of the Lair of Beasts)
 13927 | Lair:2   | Reached skill level 1 in Maces & Flails
 14536 | Lair:3   | Noticed Gastronok
 14570 | Lair:3   | Killed Gastronok
 14570 | Lair:3   | Reached skill level 5 in Invocations
 14721 | Lair:3   | Noticed a four-headed hydra
 14732 | Lair:3   | Killed a four-headed hydra
 14818 | Lair:3   | Found a staircase to the Shoals.
 15011 | Lair:4   | Noticed a five-headed hydra
 15024 | Lair:4   | Killed a five-headed hydra
 15203 | Lair:4   | Reached skill level 5 in Shields
 15486 | Lair:4   | Got a scorched plate armour
 15497 | Lair:4   | Identified the +7 plate armour of the Eternal Void {+Blink} (You found it on level 4 of the Lair of Beasts)
 15541 | Lair:4   | Found a staircase to the Snake Pit.
 15544 | Lair:4   | Gained mutation: Your flesh is cold resistant. (rC+) [potion of beneficial mutation]
 15898 | Lair:5   | Reached XP level 13. HP: 116/116 MP: 16/16
 15937 | Lair:5   | Reached ***** piety under the Shining One
 16150 | Lair:5   | Found a runed door.
 16150 | Lair:5   | Found a viscous altar of Jiyva.
 16151 | Lair:5   | Found a staircase to the Slime Pits.
 16151 | Lair:5   | Noticed an azure jelly
 16632 | Lair:6   | Entered Level 6 of the Lair of Beasts
 16656 | Lair:6   | Reached skill level 15 in Axes
 18220 | Orc:1    | Killed Fannar
 18364 | Orc:2    | Noticed an orc warlord
 18425 | Orc:2    | Killed an orc warlord
 18844 | Orc:2    | Reached XP level 14. HP: 118/126 MP: 19/19
 18900 | Orc:2    | Found a staircase to the Elven Halls.
 18919 | Orc:2    | Paralysed by an orc sorcerer for 3 turns
 19579 | Orc:2    | Found Atistuga's Food Shop.
 19581 | Orc:2    | Found Rifucaw's Distillery.
 19600 | Orc:2    | Reached ****** piety under the Shining One
 19778 | Orc:2    | Bought a potion of degeneration for 15 gold pieces
 19778 | Orc:2    | Bought a potion of berserk rage for 75 gold pieces
 19778 | Orc:2    | Bought a potion of flight for 45 gold pieces
 19778 | Orc:2    | Bought a potion of haste for 150 gold pieces
 19778 | Orc:2    | Bought 2 potions of magic for 240 gold pieces
 19902 | Orc:2    | Reached skill level 1 in Polearms
 20109 | Elf:1    | Entered Level 1 of the Elven Halls
 20215 | Orc:2    | Reached skill level 10 in Invocations
 20256 | Orc:2    | Identified a +2 trishula of holy wrath (a +0 demon trident of venom blessed by the Shining One)
 20256 | Orc:2    | Received a gift from the Shining One
 20650 | Orc:2    | Found Lasil's Book Emporium.
 20650 | Orc:2    | Found Laecam's Antique Armour Shoppe.
 20650 | Orc:2    | Found a one-way gate leading to the halls of Pandemonium.
 21131 | D:11     | Reached skill level 5 in Polearms
 21687 | D:12     | Noticed Azrael
 21702 | D:12     | Killed Azrael
 22644 | D:13     | Reached XP level 15. HP: 136/136 MP: 22/22
 23947 | D:14     | Found a gate to the Vaults.
 24123 | D:15     | Entered Level 15 of the Dungeon
 24880 | D:15     | Found a staircase to the Depths.
 25214 | Snake:1  | Entered Level 1 of the Snake Pit
 25621 | Snake:1  | Found a glowing golden altar of the Shining One.
 26092 | Snake:1  | Found Ossatocu's Assorted Antiques.
 26092 | Snake:1  | Found Userres's Antique Weapon Boutique.
 26107 | Snake:1  | Bought a polished longbow for 304 gold pieces
 26112 | Snake:1  | Identified the cursed +0 longbow of Ettirch {venom, rPois rF- MR+ Dex+4 Stlth+} (You bought it in a shop on level 1 of the Snake Pit)
 26127 | Snake:1  | Bought a pair of runed boots for 273 gold pieces
 26137 | Snake:1  | Identified a +2 pair of boots of running (You bought it in a shop on level 1 of the Snake Pit)
 26986 | Snake:2  | Noticed a nagaraja
 27007 | Snake:2  | Killed a nagaraja
 27491 | Snake:2  | Noticed Aizul
 27515 | Snake:2  | Killed Aizul
 27515 | Snake:2  | Reached XP level 16. HP: 115/147 MP: 23/23
 28087 | Snake:3  | Found an iron altar of Okawaru.
 28236 | Snake:3  | Noticed Nikola
 28253 | Snake:3  | Killed Nikola
 28554 | Snake:3  | Reached skill level 15 in Armour
 28561 | Snake:3  | Noticed Vashnia
 28587 | Snake:3  | Killed Vashnia
 28897 | Snake:4  | Entered Level 4 of the Snake Pit
 29363 | Snake:3  | Reached skill level 15 in Fighting
 29702 | Snake:4  | Noticed Mara
 29735 | Snake:4  | Killed Mara
 29859 | Snake:4  | Noticed Jorgrun
 29879 | Snake:4  | Killed Jorgrun
 30443 | Snake:4  | Noticed Asterion
 30756 | Snake:3  | Reached XP level 17. HP: 137/156 MP: 25/25
 31111 | Snake:4  | Reached skill level 10 in Shields
 31241 | Snake:4  | Killed Asterion
 33296 | Snake:4  | Got a serpentine rune of Zot
 33692 | Shoals:1 | Entered Level 1 of the Shoals
 33692 | Shoals:1 | Noticed Frances
 33706 | Shoals:1 | Killed Frances
 34223 | Shoals:1 | Found a deep blue altar of Sif Muna.
 34783 | Shoals:2 | Reached XP level 18. HP: 64/168 MP: 27/27
 35218 | Shoals:2 | Noticed Louise
 35232 | Shoals:2 | Killed Louise
 36264 | Shoals:4 | Entered Level 4 of the Shoals
 36541 | Shoals:4 | Noticed Kirke
 36570 | Shoals:4 | Killed Kirke
 36624 | Shoals:4 | Noticed Roxanne
 36985 | Shoals:4 | Noticed Ilsuiw
 37017 | Shoals:4 | Killed Ilsuiw
 37341 | Shoals:4 | Got a barnacled rune of Zot
 37791 | Shoals:4 | Got a scorched whip
 38090 | Lair:2   | Identified the +9 whip of Abomination {speed, rF- rN+++ Int+4 Stlth+} (You found it on level 4 of the Shoals)
 38616 | Vaults:1 | Entered Level 1 of the Vaults
 38616 | Vaults:1 | Found Furgha Cehoq's Assorted Antiques.
 39099 | Vaults:1 | Reached XP level 19. HP: 177/177 MP: 29/29
 39551 | Vaults:1 | Reached skill level 15 in Shields
 40539 | Vaults:2 | Reached skill level 15 in Invocations
 40542 | Vaults:2 | HP: 8/179 [stone giant (38)]
 40553 | Vaults:2 | HP: 7/179 [stone giant (23)]
 40845 | Vaults:2 | Found a flickering gateway to a bazaar.
 40853 | Bazaar   | Entered a bazaar
 40854 | Bazaar   | Found Doqejok's Jewellery Shop.
 40854 | Bazaar   | Found Boam's Weapon Boutique.
 40855 | Bazaar   | Found Akibic's Magic Scroll Emporium.
 40885 | Bazaar   | Found Deppi's Antique Weapon Emporium.
 40907 | Bazaar   | Bought a scroll of enchant weapon for 90 gold pieces
 41366 | Vaults:2 | Paralysed by a vampire knight for 3 turns
 41701 | Vaults:2 | Found a staircase to the Crypt.
 42024 | Crypt:1  | Entered Level 1 of the Crypt
 42658 | Crypt:1  | Noticed Saint Roka
 42696 | Crypt:1  | Killed Saint Roka
 43104 | Crypt:2  | Reached XP level 20. HP: 189/189 MP: 30/30
 44065 | Crypt:3  | Entered Level 3 of the Crypt
 44718 | Crypt:3  | Reached skill level 10 in Dodging
 44840 | Crypt:3  | Paralysed by a vampire knight for 3 turns
 45026 | Crypt:3  | Noticed Margery
 45054 | Crypt:3  | Killed Margery
 45089 | Crypt:3  | Noticed a curse toe
 45103 | Crypt:3  | Killed a curse toe
 45486 | Crypt:3  | Noticed an ancient lich
 45508 | Crypt:3  | Killed an ancient lich
 45508 | Crypt:3  | Reached XP level 21. HP: 199/200 MP: 32/32
 45550 | Crypt:3  | Identified the Grimoire of Necromancy
 45756 | Crypt:3  | Found a staircase to the Tomb.
 46869 | Tomb:1   | Entered Level 1 of the Tomb of the Ancients
 47076 | Tomb:1   | Paralysed by a sphinx for 2 turns
 47508 | Tomb:1   | Noticed a greater mummy
 47518 | Tomb:1   | Killed a greater mummy
 47739 | Tomb:1   | Reached skill level 5 in Maces & Flails
 47751 | Tomb:1   | Noticed a greater mummy
 47769 | Tomb:1   | Noticed a greater mummy
 49912 | Vaults:3 | Reached XP level 22. HP: 174/209 MP: 33/33
 51222 | Vaults:4 | Reached skill level 10 in Maces & Flails
 51833 | Vaults:4 | Found Demept's Antique Weapon Shoppe.
 52934 | Vaults:5 | Entered Level 5 of the Vaults
 53789 | Vaults:5 | Reached XP level 23. HP: 220/220 MP: 35/35
 53994 | Vaults:5 | Noticed an ancient lich
 54122 | Vaults:5 | Paralysed by an ancient lich for 2 turns
 54137 | Vaults:5 | Killed an ancient lich
 55383 | Vaults:5 | Reached skill level 15 in Dodging
 55735 | Vaults:5 | Identified the Handbook of Earthen Dislocation
 56033 | Vaults:5 | Reached skill level 10 in Polearms
 56038 | Vaults:5 | Got a silver rune of Zot
 56094 | Vaults:5 | Reached XP level 24. HP: 185/232 MP: 35/35
 57259 | Depths:1 | Entered Level 1 of the Depths
 57478 | Depths:1 | Found a runed door.
 57480 | Depths:1 | Noticed a juggernaut
 57572 | Depths:1 | Found a gateway to Hell.
 58441 | Depths:2 | Found a portal to a secret trove of treasure.
 59869 | Depths:3 | Paralysed by a great orb of eyes for 4 turns
 60266 | Depths:3 | Reached XP level 25. HP: 231/243 MP: 35/35
 61482 | Depths:4 | Noticed the Enchantress
 61527 | Depths:4 | Killed the Enchantress
 61703 | Depths:4 | Got faerie dragon scales
 61704 | Depths:4 | Identified the +1 faerie dragon scales {+Fly rElec} (You took it off the Enchantress on level 4 of the Depths)
 61820 | Depths:4 | Noticed Boris
 61838 | Depths:4 | Killed Boris
 62534 | Depths:4 | Found a one-way gate to the infinite horrors of the Abyss.
 62687 | Depths:5 | Entered Level 5 of the Depths
 63375 | Tomb:1   | Noticed a greater mummy
 63403 | Tomb:1   | Killed a greater mummy
 63474 | Tomb:1   | Killed a greater mummy
 63480 | Tomb:1   | Killed a greater mummy
 63666 | Tomb:1   | Reached skill level 1 in Spellcasting
 64081 | Tomb:2   | Noticed a greater mummy
 64081 | Tomb:2   | Noticed a greater mummy
 64081 | Tomb:2   | Noticed an ancient lich
 64083 | Tomb:2   | Noticed a greater mummy
 64096 | Tomb:1   | Killed an ancient lich
 64293 | Tomb:2   | Killed a greater mummy
 64301 | Tomb:1   | Killed a greater mummy
 64306 | Tomb:1   | Killed a greater mummy
 64519 | Tomb:2   | Reached skill level 1 in Evocations
 64919 | Tomb:1   | Noticed Jory
 64919 | Tomb:1   | Noticed a greater mummy
 64919 | Tomb:1   | Noticed a greater mummy
 64920 | Tomb:1   | Noticed a greater mummy
 64922 | Tomb:1   | Noticed a greater mummy
 64924 | Tomb:1   | Noticed a greater mummy
 64924 | Tomb:1   | Noticed a greater mummy
 64925 | Tomb:2   | HP: 12/245 [greater mummy (16)]
 64928 | Tomb:2   | Killed a greater mummy
 64928 | Tomb:2   | Reached XP level 26. HP: 56/252 MP: 29/36
 65149 | Tomb:1   | Noticed a greater mummy
 65160 | Tomb:2   | Killed a greater mummy
 65293 | Tomb:1   | Killed a greater mummy
 65294 | Tomb:1   | Killed Jory
 65529 | Tomb:2   | Killed a greater mummy
 65539 | Tomb:2   | Gained mutation: You are dopey. (Int -2) [a neqoxec]
 65543 | Tomb:2   | Killed a greater mummy
 65586 | Tomb:2   | Killed a greater mummy
 65586 | Tomb:2   | Reached skill level 5 in Evocations
 65658 | Tomb:2   | Killed a greater mummy
 65789 | Tomb:1   | Lost mutation: You are dopey. (Int -2) [potion of beneficial mutation]
 65790 | Tomb:1   | Gained mutation: You are partially covered in rugged brown scales. (AC +1, +3% HP) [potion of beneficial mutation]
 65852 | Tomb:1   | Noticed a greater mummy
 65852 | Tomb:1   | Noticed a greater mummy
 65891 | Tomb:1   | Killed a greater mummy
 65898 | Tomb:1   | Killed a greater mummy
 65928 | Tomb:1   | Noticed a greater mummy
 65935 | Tomb:1   | Killed a greater mummy
 66037 | Tomb:1   | Noticed a greater mummy
 66083 | Tomb:1   | Killed a greater mummy
 66238 | Tomb:1   | Noticed a greater mummy
 66249 | Tomb:1   | Killed a greater mummy
 66254 | Tomb:1   | Noticed a greater mummy
 66266 | Tomb:1   | Killed a greater mummy
 66369 | Tomb:1   | Noticed a greater mummy
 66383 | Tomb:1   | Killed a greater mummy
 66792 | Tomb:1   | Noticed a greater mummy
 66793 | Tomb:1   | Noticed a greater mummy
 66793 | Tomb:1   | Noticed a greater mummy
 66831 | Tomb:1   | Killed a greater mummy
 66958 | Tomb:1   | Noticed a greater mummy
 67065 | Tomb:1   | Killed a greater mummy
 67125 | Tomb:1   | Killed a greater mummy
 67282 | Tomb:1   | Noticed a greater mummy
 67307 | Tomb:1   | Killed a greater mummy
 67523 | Tomb:1   | Killed a greater mummy
 68021 | Tomb:3   | Entered Level 3 of the Tomb of the Ancients
 68775 | Tomb:3   | Noticed Sojobo
 68776 | Tomb:3   | Noticed a greater mummy
 68777 | Tomb:3   | Noticed a greater mummy
 68779 | Tomb:3   | Noticed a greater mummy
 68780 | Tomb:3   | Noticed a greater mummy
 69034 | Tomb:2   | Killed a greater mummy
 69034 | Tomb:2   | Killed Sojobo
 69039 | Tomb:2   | Killed a greater mummy
 69039 | Tomb:2   | Reached skill level 10 in Evocations
 69300 | Tomb:3   | Noticed a greater mummy
 69305 | Tomb:2   | Killed a greater mummy
 69511 | Tomb:3   | Noticed a greater mummy
 69511 | Tomb:3   | Reached XP level 27. HP: 161/267 MP: 34/37
 69512 | Tomb:3   | Noticed a greater mummy
 69515 | Tomb:2   | Killed a greater mummy
 69886 | Tomb:3   | HP: 10/267 [stone giant simulacrum (12)]
 70203 | Tomb:3   | Killed a greater mummy
 70204 | Tomb:3   | Killed a greater mummy
 70205 | Tomb:3   | Noticed a greater mummy
 70209 | Tomb:2   | Killed a greater mummy
 70453 | Tomb:3   | Killed a greater mummy
 70735 | Tomb:3   | Got a vibrating jade ring
 70736 | Tomb:3   | Identified the ring "Nomyrira" {rPois rC++ MP+9 Int+5 Slay-4} (You found it on level 3 of the Tomb of the Ancients)
 70913 | Tomb:3   | Noticed a greater mummy
 70913 | Tomb:3   | Noticed Boris
 70923 | Tomb:3   | Killed a greater mummy
 70934 | Tomb:3   | Killed Boris
 71105 | Tomb:3   | Identified the Volume of Companions and Snow
 71195 | Tomb:3   | Got a golden rune of Zot
 72929 | Depths:5 | Found a gate to the Realm of Zot.
 73097 | Depths:5 | Found a gateway to a ziggurat.
 73838 | Zot:1    | Entered Level 1 of the Realm of Zot
 76033 | Zot:5    | Entered Level 5 of the Realm of Zot
 76380 | Zot:5    | Noticed an ancient lich
 76386 | Zot:5    | Noticed an orb of fire
 76392 | Zot:5    | Killed an ancient lich
 76397 | Zot:5    | Gained mutation: Your spells are a little easier to cast, but a little less powerful. [an orb of fire]
 76409 | Zot:5    | Killed an orb of fire
 76413 | Zot:5    | Noticed an ancient lich
 76775 | Zot:4    | Killed an ancient lich
 76894 | Zot:5    | Noticed an orb of fire
 76894 | Zot:5    | Lost mutation: Your flesh is cold resistant. (rC+) [an orb of fire]
 76907 | Zot:5    | Gained mutation: You evolve. [an orb of fire]
 76910 | Zot:5    | Killed an orb of fire
 76948 | Zot:5    | Noticed an ancient lich
 76985 | Zot:5    | Noticed an ancient lich
 76993 | Zot:5    | HP: 7/276 [Orb Guardian (21)]
 76998 | Zot:5    | The Shining One protects you from harm!
 76998 | Zot:5    | Annihilated by an Orb Guardian

Skill      XL: |  1  2  3  4  5  6  7  8  9 10 11 12 13 14 15 16 17 18 19 20 21 22 23 24 25 26 27 |
---------------+----------------------------------------------------------------------------------+-----
Armour         | 1 2 3 4 5 7 8 10 11 12 13 14 15 16 17 18 19 20 21 22 23 25 | 25.6
Fighting       | 3 4 5 6 7 9 10 11 12 13 14 15 16 17 18 19 20 21 22 23 25 | 25.8
Crossbows      | 5 6 7 8 9 10 | 10.0
Dodging        | 3 4 5 6 9 11 12 13 15 | 15.0
Axes           | 2 3 5 7 10 12 13 14 16 17 | 17.3
Invocations    | 3 6 9 10 11 12 13 14 15 16 17 18 19 21 23 24 | 24.5
Shields        | 5 7 9 12 14 15 | 15.1
Maces & Flails | 1 8 12 | 12.2
Polearms       | 7 9 10 14 | 14.3
Spellcasting   | 3 |  3.0
Evocations     | 2 10 13 | 13.4
Stealth        | |  0.7

Action                   |  1- 3 |  4- 6 |  7- 9 | 10-12 | 13-15 | 16-18 | 19-21 | 22-24 | 25-27 || total
-------------------------+-------+-------+-------+-------+-------+-------+-------+-------+-------++-------
Melee: Short sword       |   110 |    71 |       |       |       |       |       |       |       ||   181
       Headbutt          |    13 |    23 |    54 |   144 |   339 |   245 |   376 |   657 |   603 ||  2454
       War axe           |       |    79 |   256 |   670 |   713 |   107 |       |       |       ||  1825
       Club              |       |     5 |       |       |       |       |       |       |       ||     5
       Trident           |       |       |       |     8 |     9 |       |       |       |       ||    17
       Trishula          |       |       |       |       |   812 |  1728 |  1611 |  2251 |  1940 ||  8342
       Broad axe         |       |       |       |       |       |    46 |   122 |    29 |       ||   197
       Eveningstar       |       |       |       |       |       |       |       |   126 |   275 ||   401
 Fire: Hand crossbow     |       |     1 |     6 |    22 |    57 |       |       |       |       ||    86
Invok: Divine Shield     |       |       |       |     2 |       |       |     1 |     1 |       ||     4
       Cleansing Flame   |       |       |       |       |     5 |       |    15 |    18 |   100 ||   138
       Brand Weapon With |       |       |       |       |     1 |       |       |       |       ||     1
       Summon Divine War |       |       |       |       |       |       |     3 |     4 |     2 ||     9
Evoke: Wand              |       |       |       |    15 |     1 |     6 |       |       |    15 ||    37
       Disc of storms    |       |       |       |       |       |       |       |     1 |       ||     1
  Use: Scroll            |       |     1 |     8 |    22 |     8 |     7 |    11 |    22 |    10 ||    89
       Potion            |       |       |       |     8 |     1 |     3 |    15 |    11 |     9 ||    47
 Stab: Sleeping          |     1 |       |       |       |       |       |       |       |       ||     1
       Distracted        |       |       |       |       |       |       |       |     1 |     2 ||     3
  Eat: Chunk             |     2 |     7 |    12 |    19 |    31 |    22 |    16 |    21 |     9 ||   139
       Royal jelly       |       |       |       |     2 |     1 |       |     1 |     1 |       ||     5
       Meat ration       |       |       |       |     1 |     2 |       |     2 |     2 |     4 ||    11
       Fruit             |       |       |       |       |       |     5 |       |     1 |     2 ||     8
       Beef jerky        |       |       |       |       |       |     1 |       |     1 |     5 ||     7
       Bread ration      |       |       |       |       |       |     1 |     2 |       |     7 ||    10
       Pizza             |       |       |       |       |       |     1 |       |     2 |       ||     3
Armor: Leather armour    |    19 |       |       |       |       |       |       |       |       ||    19
       Ring mail         |    10 |    61 |    39 |       |       |       |       |       |       ||   110
       Chain mail        |       |       |    17 |       |       |       |       |       |       ||    17
       Plate armour      |       |       |    51 |   372 |   653 |   592 |   356 |   286 |       ||  2310
       Gold dragon scale |       |       |       |       |       |       |       |   248 |   966 ||  1214
Dodge: Dodged            |    82 |   108 |   121 |   196 |   345 |   446 |   234 |   488 |   638 ||  2658
Block: Other             |       |       |       |     9 |       |       |       |       |       ||     9
       Buckler           |       |       |       |    44 |   251 |   100 |       |       |       ||   395
       Shield            |       |       |       |       |       |   524 |   565 |   944 |  1156 ||  3189
